 Seeded DCSS version 0.29.1-15-g9cfb28693d (webtiles) character file.

Game seed: 1 (custom seed)

8950 Kazon the Sneak (level 11, -4/70 (72) HPs)
             Began as an Octopode Transmuter on Mar 24, 2023.
             Was an Elder of Makhleb.
             Slain by a shadow (16 damage)
             ... on level 10 of the Dungeon.
             The game lasted 00:44:39 (7283 turns).

Kazon the Sneak (Octopode Transmuter)               Turns: 7283, Time: 00:44:41

HP:   -4/70 (72)    AC:  3    Str: 13    XL:     11   Next: 38%
MP:   29/29         EV: 16    Int: 16    God:    Makhleb [****..]
Gold: 661           SH:  5    Dex: 16    Spells: 13/22 levels left

rFire   + . .      SeeInvis .   h - +5 long sword of the Land of Plenty {drain, Dex+3}
rCold   + . .      Faith    .   c - +0 buckler
rNeg    + . .      Spirit   .   A - +2 hat of Cihorea {rF+ rC- Regen+ rCorr}
rPois   .          Reflect  .   d - amulet of the acrobat
rElec   .          Harm     .   o - ring of positive energy
rCorr   +          Rampage  .   y - ring of protection from cold
Will    .....                   F - ring of magical power
Stlth   +++++.....              N - ring of protection from cold
HPRegen 1.01/turn               (no ring)
MPRegen 0.21/turn               (no ring)
                                (no ring)
                                (no ring)

@: lightly drained
A: almost no armour, amphibious, 8 rings, camouflage 1, gelatinous body 1,
(nimble swimmer 1), tentacles
a: Renounce Religion, Minor Destruction, Lesser Servant of Makhleb, Major
Destruction


You were on level 10 of the Dungeon.
You worshipped Makhleb.
Makhleb was greatly pleased with you.
You visited 2 branches of the dungeon, and saw 11 of its levels.

You collected 703 gold pieces.
You spent 42 gold pieces at shops.

Inventory:

Hand Weapons
 e - a +2 dagger of venom
 h - the +5 long sword of the Land of Plenty (weapon) {drain, Dex+3}
   (You found it on level 10 of the Dungeon)

   A truly terrible weapon, it drains the life of any living foe it strikes.
   Dex:       It affects your dexterity (+3).
Missiles
 l - 13 boomerangs (quivered)
 m - a throwing net
 w - 4 curare-tipped darts
 G - 17 poisoned darts
Armour
 c - a +0 buckler (worn)
 A - the +2 hat of Cihorea (worn) {rF+ rC- Regen+ rCorr}
   (You acquired it on level 1 of the Dungeon)

   rF:        It protects you from fire.
   rC:        It makes you vulnerable to cold.
   Regen:     It increases your rate of health regeneration.
   rCorr:     It protects you from acid and corrosion.
Jewellery
 d - an amulet of the acrobat (around mantle)
 o - a ring of positive energy (left tentacle)
 y - a ring of protection from cold (right tentacle)
 F - a ring of magical power (on tentacle)
 I - a ring of ice
 N - a ring of protection from cold (on tentacle)
Wands
 u - a wand of mindburst (19)
 v - a wand of flame (37)
 E - a wand of paralysis (14)
 J - a wand of roots (6)
 O - a wand of polymorph (7)
Scrolls
 i - 10 scrolls of identify
 k - a scroll of immolation
 n - 3 scrolls of fog {unknown}
 p - 2 scrolls of poison {unknown}
 r - a scroll of magic mapping {unknown}
 s - 2 scrolls of noise {unknown}
 t - 4 scrolls of teleportation
 z - 2 scrolls of enchant weapon {unknown}
 H - 3 scrolls of fear
 K - a scroll of amnesia {unknown}
 L - a scroll of summoning {unknown}
Potions
 a - 2 potions of ambrosia {unknown}
 b - 3 potions of berserk rage
 f - 3 potions of flight {unknown}
 g - 5 potions of attraction {unknown}
 j - 2 potions of haste {unknown}
 q - 6 potions of lignification
 x - 2 potions of cancellation
 B - a potion of magic
 C - 2 potions of curing
 D - a potion of might
Miscellaneous
 M - a condenser vane


   Skills:
 * Level 5.9 Fighting
 + Level 6.5(6.6) Short Blades
 + Level 0.4(4.0) Long Blades
 + Level 4.3 Throwing
 * Level 7.0 Dodging
 + Level 7.4 Stealth
 + Level 3.9 Shields
 + Level 3.4 Unarmed Combat
 + Level 6.2 Spellcasting
 + Level 4.8 Transmutations
 + Level 3.8 Air Magic
 + Level 6.0 Poison Magic
 * Level 4.2 Invocations
 * Level 5.0 Evocations


You had 13 spell levels left.
You knew the following spells:

 Your Spells              Type           Power      Damage    Failure   Level
a - Beastly Appendage     Tmut           40%        N/A       2%          1
b - Wereblood             Tmut           20%        N/A       3%          2
c - Poisonous Vapours     Pois/Air       40%        N/A       3%          2
d - Olgreb's Toxic Radia  Pois           24%        N/A       14%         4

Your spell library contained the following spells:

 Spells                   Type           Power      Damage    Failure   Level
 Sting                    Tmut/Pois      88%        1d7       1%          1
 Spider Form              Tmut/Pois      22%        N/A       5%          3
 Mephitic Cloud           Conj/Pois/Air  15%        N/A       13%         3
 Apportation              Tloc           8%         N/A       17%         1
 Magic Dart               Conj           16%        1d3       17%         1
 Necrotise                Necr           16%        1d4       17%         1
 Summon Small Mammal      Summ           16%        N/A       17%         1
 Call Imp                 Summ           4%         N/A       26%         2
 Ozocubu's Armour         Ice            4%         N/A       45%         3
 Ice Form                 Ice/Tmut       12%        N/A       54%         4
 Fireball                 Conj/Fire      2%         3d4       99%         5
 Iskenderun's Battlesphe  Conj           4%         2d6       99%         5
 Metabolic Englaciation   Hex/Ice        2%         N/A       99%         5
 Conjure Ball Lightning   Conj/Air       5%         3x3d6     100%        6
 Simulacrum               Ice/Necr       2%         N/A       100%        6
 Orb of Destruction       Conj           2%         9d5       100%        7


Dungeon Overview and Level Annotations

Branches:
Dungeon (10/15)            Temple (1/1) D:7            Lair (0/5) D:10
    Orc: D:9-12

Altars:
Ashenzari
Elyvilon
Gozag
Hepliaklqana
Makhleb
Okawaru
Uskayaw

Shops:
D:3 (   D:8 ?(==   D:10 :


Innate Abilities, Weirdness & Mutations

You cannot wear most types of armour.
You are amphibious.
You can wear up to eight rings at the same time.
Your skin changes colour to match your surroundings (Stealth+).
Your rubbery body absorbs attacks. (AC +1, EV +1)
((You are camouflaged when in or above water. (Stealth+)))
You have tentacles for arms and can constrict up to eight enemies at once.


Message History

The shadow slips into darkness.
The shadow flickers and vanishes!
Deactivating autopickup; reactivate with Ctrl-A.
There is an open door here.
You close the door.
Something unseen opens the door.
You barely miss something. You squeeze something.
The shadow strikes at you from the darkness!
Reactivating autopickup.
You slash the shadow!
The shadow is heavily damaged.
The shadow slips into darkness.
The shadow flickers and vanishes!
Deactivating autopickup; reactivate with Ctrl-A.
You closely miss something. Your squeeze misses something.
The shadow strikes at you from the darkness!
Reactivating autopickup.
You hit the shadow.
Your tentacle-slap misses the shadow.
You squeeze the shadow.
The shadow is severely damaged.
The shadow misses you. The shadow hits you.
You closely miss the shadow.
You squeeze the shadow, but do no damage.
The shadow is severely damaged.
The shadow hits you.
* * * LOW HITPOINT WARNING * * *
You closely miss the shadow.
The shadow is severely damaged.
The shadow hits you!
* * * LOW HITPOINT WARNING * * *
You hit the shadow but do no damage.
The shadow is severely damaged.
The shadow closely misses you.
You closely miss the shadow. Your squeeze misses the shadow.
The shadow is severely damaged.
The shadow slips into darkness.
The shadow flickers and vanishes!
Deactivating autopickup; reactivate with Ctrl-A.
The shadow strikes at you from the darkness!
You die...

.####....#............###
.........#....###.....#..
.........#............'..
#.......#............#..
##.......#............#..
......#..#..........#.###
......................#
+#...#{###...........# #.
#.@.#..###......#
#...#...........#
#########.......###
#.......... #..........
#.........# ..........#
..#..#....# ..#..#....#


There were no monsters in sight!

Vanquished Creatures
  Erolcha (D:10)
  A two-headed ogre (D:9)
  Maggie (D:6)
  A troll (D:10)
  Prince Ribbit (D:9)
  A shadow (D:9)
  A vampire (D:10)
  A yak (D:6)
  2 wyverns
  Eustachio (D:5)
  2 steam dragons
  Menkaure (D:5)
  Edmund (D:6)
  An acid dragon (D:10)
  4 water moccasins
  4 orc warriors
  An ice beast (D:8)
  5 sky beasts
  2 black bears (D:6)
  4 centaurs
  An ogre (D:6)
  A wolf (D:10)
  2 phantoms (D:6)
  3 kobold brigands
  3 necrophages
  A bullfrog (D:7)
  A gnoll sergeant (D:7)
  5 scorpions
  21 wights
  3 killer bees (D:10)
  An electric eel (D:10)
  A howler monkey (D:5)
  2 jellies (D:6)
  6 hounds
  7 orc priests
  A gnoll bouda (D:7)
  6 iguanas
  4 orc wizards
  Robin (D:3)
  15 gnolls
  13 adders
  3 shadow imps
  2 white imps (D:7)
  An ufetubus (D:5)
  3 worms
  35 orcs
  11 endoplasms
  A giant cockroach (D:1)
  16 goblins
  9 hobgoblins
  A jackal (D:4)
  24 kobolds
  A quokka (D:1)
  5 ball pythons
  4 bats
  3 frilled lizards
  6 rats
259 creatures vanquished.

Vanquished Creatures (others)
  A quokka (D:7)
1 creature vanquished.

Grand Total: 260 creatures vanquished

Notes
Turn   | Place    | Note
-------+----------+-------------------------------------------
     0 | D:1      | Kazon the Octopode Transmuter began the quest for the Orb.
     0 | D:1      | Reached XP level 1. HP: 13/13 MP: 3/3
    49 | D:1      | Identified a scroll of acquirement
    49 | D:1      | Acquired the +2 hat of Cihorea {rF+ rC- Regen+ rCorr}
   177 | D:1      | Reached XP level 2. HP: 15/18 MP: 3/5
   566 | D:1      | Reached skill level 1 in Stealth
   684 | D:2      | Reached XP level 3. HP: 16/23 MP: 6/6
   833 | D:2      | Learned a level 2 spell: Wereblood
   848 | D:2      | Reached skill level 1 in Short Blades
  1172 | D:2      | Reached XP level 4. HP: 28/28 MP: 5/7
  1344 | D:3      | Reached XP level 5. HP: 33/33 MP: 5/8
  1454 | D:3      | Learned a level 2 spell: Poisonous Vapours
  1478 | D:3      | Noticed Robin
  1493 | D:3      | Killed Robin
  1610 | D:3      | Reached XP level 6. HP: 42/42 MP: 8/12
  1747 | D:3      | Found Umat's Antique Weapon Boutique.
  2208 | D:4      | Reached XP level 7. HP: 49/49 MP: 10/13
  2218 | D:4      | Learned a level 4 spell: Olgreb's Toxic Radiance
  2688 | D:4      | Found a hazy altar of Hepliaklqana.
  2839 | D:5      | Entered Level 5 of the Dungeon
  2877 | D:5      | Reached skill level 1 in Evocations
  2881 | D:5      | Noticed Eustachio
  2885 | D:5      | Killed Eustachio
  2886 | D:5      | Reached XP level 8. HP: 52/54 MP: 10/15
  2893 | D:5      | Reached skill level 5 in Poison Magic
  3162 | D:5      | Reached skill level 5 in Stealth
  3225 | D:5      | Reached skill level 5 in Short Blades
  3308 | D:5      | Noticed Menkaure
  3322 | D:5      | Killed Menkaure
  3323 | D:5      | Reached skill level 5 in Spellcasting
  3737 | D:7      | Found a staircase to the Ecumenical Temple.
  3752 | Temple   | Entered the Ecumenical Temple
  3757 | Temple   | Became a worshipper of Makhleb the Destroyer
  3771 | D:7      | Reached XP level 9. HP: 58/58 MP: 13/16
  3811 | D:7      | Found a hide-covered altar of Uskayaw.
  3917 | D:6      | Reached skill level 5 in Dodging
  4025 | D:6      | Noticed Edmund
  4048 | D:6      | Killed Edmund
  4061 | D:6      | Reached * piety under Makhleb
  4062 | D:6      | Reached skill level 1 in Invocations
  4268 | D:6      | Noticed Maggie
  4285 | D:6      | Killed Maggie
  4286 | D:6      | Reached skill level 5 in Fighting
  4286 | D:6      | Reached XP level 10. HP: 66/66 MP: 18/18
  4585 | D:6      | Reached ** piety under Makhleb
  4815 | D:7      | Found a white marble altar of Elyvilon.
  5144 | D:8      | Found Quzidd's Magic Scroll Emporium.
  5149 | D:8      | Bought a scroll of teleportation for 42 gold pieces
  5394 | D:8      | Found Esumer's Weapon Shop.
  5652 | D:8      | Found Heidghoki's Jewellery Shop.
  5847 | D:8      | Found Zoxtaeshakh's Jewellery Boutique.
  6235 | D:9      | Reached *** piety under Makhleb
  6407 | D:9      | Noticed a two-headed ogre
  6412 | D:9      | Killed a two-headed ogre
  6413 | D:9      | Reached XP level 11. HP: 72/72 MP: 20/20
  6508 | D:9      | Noticed Prince Ribbit
  6523 | D:9      | Killed Prince Ribbit
  6696 | D:10     | Entered Level 10 of the Dungeon
  6798 | D:10     | Found a staircase to the Lair.
  6857 | D:10     | Noticed Erolcha
  6861 | D:10     | Killed Erolcha
  6862 | D:10     | Reached skill level 5 in Evocations
  6880 | D:10     | Identified the +5 long sword of the Land of Plenty {drain,
                  | Dex+3}
  6897 | D:10     | Found Juagoaq's Book Shoppe.
  7034 | D:10     | Reached **** piety under Makhleb
  7283 | D:10     | Slain by a shadow

Illustrated notes

Levels and vault maps discovered:
D:1:      dpeg_arrival_three_smaller_balls, layout_basic
D:2:      layout_loops_ring
D:3:      layout_basic, serial_shops, nicolae_shop_stone, st_stairs_9,
          minmay_misc_feat_doors, eino_curves_03, uniq_robin
D:4:      minmay_wonky_spiral, layout_basic,
          mainiacjoe_overflow_surrounded_room, minivault_5
D:5:      layout_cave_pods, uniq_menkaure, uniq_eustachio
D:6:      cheibrodos_barr_body, layout_basic, minmay_crystal_room,
          minmay_pentangle, uniq_maggie, uniq_edmund
D:7:      layout_cave_pools, nicolae_uskayaw_murder_on_the_dancefloor,
          elyvilon_altar_4, minmay_temple_entry_purple_smoke
D:8:      layout_basic, serial_shops, shop_statue, kennysheep_little_box, shop,
          nicolae_shop_window_shopping
D:9:      layout_cave_pools, uniq_prince_ribbit1
D:10:     layout_stronghold, erik_lair_island, serial_shops,
          nicolae_shop_statue_plus, uniq_erolcha
Temple:   nicolae_temple_bog_church

Skill      XL: |  1  2  3  4  5  6  7  8  9 10 11 |
---------------+----------------------------------+-----
Stealth        | 1 2 3 4 5 6 7 |  7.4
Short Blades   | 1 2 4 5 6 |  6.5
Fighting       | 4 5 |  5.9
Throwing       | 3 4 |  4.3
Dodging        | 4 5 6 7 |  7.0
Shields        | 3 |  3.9
Spellcasting   | 4 5 6 |  6.2
Transmutations | 4 |  4.8
Air Magic      | 3 |  3.8
Poison Magic   | 4 5 6 |  6.0
Evocations     | 1 3 4 5 |  5.0
Invocations    | 1 3 4 |  4.2
Long Blades    | |  0.4
Unarmed Combat | |  3.4

Action                   |  1- 3 |  4- 6 |  7- 9 | 10-12 || total
-------------------------+-------+-------+-------+-------++-------
Melee: Dagger            |    60 |    71 |   216 |   243 ||   590
       Kick              |     4 |       |     1 |       ||     5
       Unarmed           |     4 |       |       |       ||     4
       Constrict         |    13 |    18 |    36 |    50 ||   117
       Tentacles         |    18 |    13 |    59 |    80 ||   170
       Punch             |     3 |     4 |    11 |    11 ||    29
       Long sword        |       |       |       |    34 ||    34
Throw: Stone             |     6 |     6 |     7 |    19 ||    38
       Boomerang         |       |       |       |    14 ||    14
       Dart              |       |       |       |     5 ||     5
 Cast: Beastly Appendage |     4 |     1 |     1 |       ||     6
       Wereblood         |     3 |     3 |     5 |     9 ||    20
       Poisonous Vapours |       |     5 |     7 |       ||    12
       Olgreb's Toxic Ra |       |       |     8 |    11 ||    19
Evoke: Wand              |       |       |     1 |     5 ||     6
  Use: Scroll            |     1 |       |     4 |     2 ||     7
       Potion            |       |     1 |     2 |       ||     3
 Stab: Sleeping          |     7 |    11 |    11 |    10 ||    39
       Paralysed         |       |       |       |     1 ||     1
Armor: Skin              |     5 |     6 |    15 |    10 ||    36
Dodge: Dodged            |    25 |    33 |    94 |   151 ||   303
Block: Buckler           |       |       |    20 |    38 ||    58
